Map: Overgrowth LE (Void)

Players

BuRny - Winner!

  • Race: Terran Terran
  • League: Master
  • Spawn Location: 1:00

A.I. 1 (Very Easy)

  • Race: Terran Terran
  • Spawn Location: 7:00

VOD

Have the link to the VOD?

Description

Time

  • Played on: Dec. 28, 2016, 10:33 a.m.
  • Length: 7:04
Show
View Real Time Build Order
Export as new Build Order

BuRny Terran - Winner!

Build Orders:  

Get SALT Encoding   

  12  0:00  SCV  
  13  0:12  SCV  
  14  0:17  Supply Depot  
  14  0:24  SCV  
  15  0:38  SCV  
  15  0:39  Barracks  
  16  0:43  Refinery  
  16  0:51  SCV  
  17  1:03  SCV  
  18  1:15  SCV  
  19  1:27  Orbital Command  
  19  1:28  Marine  
  20  1:40  Supply Depot  
  20  1:44  Factory  
  20  1:46  Marine  
  21  1:52  SCV  
  22  2:04  SCV, Barracks Reactor  
  23  2:08  Command Center  
  23  2:16  SCV  
  23  2:20  Refinery  
  24  2:28  SCV, Hellion  
  27  2:38  Supply Depot  
  27  2:40  Starport  
  27  2:41  SCV  
  27  2:44  Marine  
  28  2:45  Marine  
  28  2:51  Factory Tech Lab  
  30  2:53  SCV  
  31  3:02  Marine  
  31  3:03  Marine  
  31  3:05  SCV  
  34  3:09  Siege Tank  
  37  3:17  SCV  
  38  3:25  Refinery  
  38  3:26  Viking  
  40  3:27  Marine  
  40  3:29  Marine  
  40  3:33  SCV  
  43  3:39  Orbital Command  
  46  3:49  SCV  
  46  3:55  Marine x2  
  46  4:00  Factory Tech Lab  
  46  4:01  SCV  
  47  4:04  SCV  
  47  4:05  Raven  
  50  4:12  Marine  
  50  4:13  SCV, Marine  
  50  4:14  Supply Depot  
  50  4:16  SCV  
  54  4:18  Supply Depot  
  54  4:35  SCV x2, Siege Tank  
  59  4:41  Supply Depot  
  59  4:48  SCV x2  
  59  4:49  Supply Depot  
  61  4:54  Marine  
  61  4:55  Medivac x2  
  66  5:00  SCV x2  
  66  5:05  Supply Depot  
  66  5:06  Supply Depot  
  68  5:08  Siege Tank  
  68  5:12  SCV, Marine  
  73  5:16  SCV  
  74  5:22  Engineering Bay  
  74  5:24  SCV  
  76  5:28  SCV  
  76  5:33  Viking x2  
  80  5:36  SCV, Marine  
  80  5:40  SCV, Refinery  
  83  5:44  Supply Depot  
  83  5:48  SCV, Supply Depot  
  84  5:50  Siege Tank  
  87  5:57  Marine  
  88  6:06  Barracks  
  88  6:07  Barracks  
  88  6:15  Marine  
  88  6:17  Barracks, Starport Reactor  
  88  6:18  SCV x2  
  91  6:19  Barracks  
  91  6:29  Command Center  
  91  6:30  SCV  
  92  6:35  Marine  
  92  6:38  SCV  
  97  6:41  Supply Depot  
  97  6:42  SCV  
  98  6:49  Armory  
  98  6:50  Engineering Bay  
  100  6:57  Barracks Reactor  
  100  6:58  Barracks Reactor  
Show
View Real Time Build Order
Export as new Build Order

A.I. 1 (Very Easy) Terran 

Build Orders:  

Get SALT Encoding   

  12  0:00  SCV  
  13  0:13  SCV  
  14  0:19  Supply Depot  
  14  0:37  Refinery  
  14  0:46  Barracks  
  14  1:03  Supply Depot  
  14  1:12  Refinery  
  14  1:33  Orbital Command, Marine  
  15  1:52  Barracks Tech Lab  
  15  1:59  SCV  
  16  2:11  SCV  
  17  2:20  Marine  
  18  2:23  SCV  
  19  2:35  SCV  
  20  2:47  SCV  
  21  2:59  SCV  
  22  3:08  Marauder  
  24  4:27  SCV  
  24  6:00  Marine  
  24  6:02  Supply Depot  
  25  6:04  SCV  
  14  6:16  SCV  
  4  6:28  SCV  
Tags
 
League
Master
Matchup
TvT
Race
Terran
Spawn Locations
Cross Positions
Add a new tag
Caveats
  • Supply blocks, unpowered buildings, or Contaminate may cause inaccurate times.
  • Supply counts are checked every 10 seconds.